 Dungeon Crawl Stone Soup version 0.16.1-51-g6203257 (webtiles) character file.

116 teebee the Skirmisher (level 5, 0/47 HPs)
             Began as a Hill Orc Fighter on July 29, 2015.
             Slain by a bat (1 damage)
             ... on level 3 of the Dungeon.
             The game lasted 00:11:19 (2238 turns).

teebee the Skirmisher (Hill Orc Fighter)            Turns: 2238, Time: 00:11:19

Health: 0/47       AC:  9    Str: 20    XL:     5   Next: 1%
Magic:  5/5        EV:  5    Int:  8    God:
Gold:   75         SH:  9    Dex: 10    Spells: 0 memorised, 4 levels left

rFire  . . .     SeeInvis .     a - +0 long sword
rCold  . . .     Clarity  .     k - +0 chain mail
rNeg   . . .     SustAb   .     c - +0 shield
rPois  .         Gourm    .     (no helmet)
rElec  .         Spirit   .     (no cloak)
rCorr  .         Warding  .     (no gloves)
rMut   .         Stasis   .     (no boots)
MR     .....                    (no amulet)
Stlth  ..........               (no ring)
                                (no ring)

@: not resistant to hostile enchantments, extremely unstealthy
A: no striking features
a: no special abilities


You were on level 3 of the Dungeon.
You were not hungry.

You visited 1 branch of the dungeon, and saw 3 of its levels.

You collected 75 gold pieces.

Inventory:

Hand weapons
 a - a +0 long sword (weapon)
 g - a +1 rapier of flaming
 r - a +1 dagger of holy wrath
 x - a +0 mace of crushing
 C - a +2 dagger of protection
 D - a +0 short sword of venom
Missiles
 f - 4 tomahawks (quivered)
 u - 8 javelins
Armour
 b - a +0 scale mail
 c - a +0 shield (worn)
 k - a +0 chain mail (worn)
 A - a +0 pair of gloves
Jewellery
 q - an uncursed ring of magical power
 t - an uncursed ring of wizardry {unknown}
Scrolls
 i - 8 scrolls of identify
 m - a scroll of teleportation {unknown}
 n - a scroll of random uselessness {unknown}
 o - 3 scrolls of fog {unknown}
 p - a scroll of immolation {unknown}
 w - 2 scrolls of enchant weapon {unknown}
 y - a scroll of noise {unknown}
Potions
 e - 2 potions of might
 l - a potion of flight
 B - a potion of resistance
Comestibles
 d - a meat ration
 h - 4 chunks of flesh
 z - 3 fruits


   Skills:
 * Level 4.6 Fighting
 * Level 4.0 Long Blades
 - Level 3.5 Armour
 - Level 0.5 Dodging
 - Level 3.8 Shields


You had 4 spell levels left.
You didn't know any spells.

Dungeon Overview and Level Annotations

Branches:
Dungeon (3/15)

Altars:
Gozag
Qazlal
Yredelemnul
The Shining One


Message History

You block the bat's attack. The bat hits you but does no damage.
The bat hits you but does no damage. The bat hits you.
* * * LOW HITPOINT WARNING * * *
You block the bat's attack. The bat hits you but does no damage.
The bat hits you but does no damage. x3
You closely miss the bat. The bat hits you but does no damage.
You block the bat's attack. The bat barely misses you.
The bat barely misses you. The bat hits you but does no damage.
The bat hits you but does no damage. x3
You block the bat's attack. The bat hits you but does no damage.
The bat hits you but does no damage. You block the bat's attack.
You hit the bat.
You kill the bat!
You block the bat's attack. The bat hits you but does no damage.
You block the bat's attack. The bat barely misses you.
The bat hits you but does no damage. The bat hits you.
* * * LOW HITPOINT WARNING * * *
The bat hits you but does no damage. x2
The bat hits you.
You die...

######## ###. #...
#.#. ###### #.#.
##...g## ###.#.
##...b..## ##...#.
##...bb...###...##.
##bb######........#.
#.b@b....#..........
#.bbb....#g.........
#...b....#..........
#...'....#†......#..
#...######....######
#.......g....## #
##...b......##
##.......(##
##......##


You could see 8 bats.

Vanquished Creatures
  2 adders (D:3)
  A worm (D:2)
  4 giant geckos
  8 orcs (D:3)
  7 bats
  A giant cockroach (D:3)
  14 hobgoblins
  9 kobolds
  2 oozes
  A quokka (D:2)
  A ball python (D:3)
  3 giant newts (D:2)
  10 goblins
  10 rats
73 creatures vanquished.

Notes
Turn   | Place    | Note
--------------------------------------------------------------
     0 | D:1      | teebee, the Hill Orc Fighter, began the quest for the Orb.
     0 | D:1      | Reached XP level 1. HP: 19/19 MP: 1/1
   252 | D:1      | Reached XP level 2. HP: 17/27 MP: 2/2
   876 | D:2      | Reached XP level 3. HP: 33/33 MP: 3/3
   882 | D:2      | Reached skill level 4 in Fighting
  1444 | D:2      | Found a glowing golden altar of the Shining One.
  1547 | D:2      | Reached XP level 4. HP: 40/40 MP: 4/4
  1645 | D:3      | Found an opulent altar of Gozag.
  1918 | D:3      | Found a stormy altar of Qazlal.
  1932 | D:3      | Found a basalt altar of Yredelemnul.
  2233 | D:3      | Reached XP level 5. HP: 5/47 MP: 5/5
  2235 | D:3      | HP: 2/47 [bat (1)]
  2238 | D:3      | Slain by a bat

Action                   |  1- 3 |  4- 6 || total
-------------------------+-------+-------++-------
Melee: Long sword        |   216 |   124 ||   340
  Use: Potion            |       |     5 ||     5
       Scroll            |       |     2 ||     2
  Eat: Meat ration       |     1 |       ||     1
       Chunk             |     1 |       ||     1
